[Event "BM10, BM12, BM14, BM16 ir BM18 èempionat"]
[Site "Vilnius"]
[Date "2021.06.06"]
[Round "8.1"]
[White "Aleknavicius, Andrius"]
[Black "Bagvilas, Lukas"]
[Result "1-0"]
[WhiteElo "1990"]
[BlackElo "2053"]
[PlyCount "31"]
[EventDate "2021.??.??"]
[TimeControl "90+30"]
[WhiteClock "1:27:47"]
[BlackClock "1:12:27"]

1. d4 d5 2. Bf4 Nf6 3. e3 e6 4. Nf3 c5 5. c3 Bd6 6. Bg3 Nc6 7. Nbd2 O-O 8.
Bd3 b6 9. e4 dxe4 10. Nxe4 Nxe4 11. Bxe4 Bb7 12. Qa4 Rc8 13.
dxc5 Bxc5 14. Rd1 Qe8 15. Bxh7+ Kxh7 16. Qh4+ 1-0

[Event "BM10, BM12, BM14, BM16 ir BM18 èempionat"]
[Site "Vilnius"]
[Date "2021.06.06"]
[Round "8.2"]
[White "Mickus, Benas"]
[Black "Butvilas, Aistis"]
[Result "1-0"]
[WhiteElo "1974"]
[BlackElo "2115"]
[PlyCount "108"]
[EventDate "2021.??.??"]
[TimeControl "90+30"]
[WhiteClock "0:14:54"]
[BlackClock "0:49:59"]

1. a3 Nf6 2. d4 d6 3. Nf3 Bg4 4. e3 Nbd7 5. Be2 c6 6. c4 e5 7. Nc3 Qc7 8.
Qc2 Be7 9. b4 O-O 10. Bb2 Rfe8 11. O-O Bh5 12. dxe5 dxe5 13. Rfd1 a5 14. b5 Nc5 15. Nh4 Bxe2 16. Qxe2 a4 17. Nf3 Bf8 18. Na2 Nfd7 19. Nb4 Nb3 20.
Rab1 f6 21. Bc3 Nb6 22. bxc6 bxc6 23. Nd2 Nxd2 24. Bxd2 Rec8 25.
c5 Nd5 26. e4 Nxb4 27. Rxb4 Qf7 28. Be3 Rd8 29. h3 Rxd1+ 30. Qxd1 Qa7 31. Rb6 Qc7 32. Qb1 Qd7 33. Qa2+ Kh8 34. Qc4 h6 35. Kh2 Kh7 36. Ra6 Qb7 37. Rxa4 Rd8 38. Rb4 Qc7 39. Rb6 Ra8 40. Qb3 Ra5 41. Rb7 Qd8 42. Qb6 Qxb6 43. cxb6 Rxa3 44. Rd7 Rb3 45. b7 c5 46. Rd8 Rxb7 47. Rxf8 Rc7 48. Rd8 c4 49. Rd5 Kg6 50. Rc5 Rxc5 51. Bxc5 f5 52. exf5+ Kxf5 53. Bb4 Ke4 54. Bc3 Kd5 1-0

[Event "BM10, BM12, BM14, BM16 ir BM18 èempionat"]
[Site "Vilnius"]
[Date "2021.06.06"]
[Round "8.3"]
[White "Boyajyan, David"]
[Black "Jablokov, Dmitrij"]
[Result "0-1"]
[WhiteElo "1900"]
[BlackElo "1964"]
[PlyCount "118"]
[EventDate "2021.??.??"]
[TimeControl "90+30"]
[WhiteClock "0:04:48"]
[BlackClock "0:35:33"]

1. d4 Nf6 2. c4 g6 3. Nc3 d5 4. cxd5 Nxd5 5. e4 Nxc3 6. bxc3 Bg7 7. Bc4 c5 8. Ne2 Nc6 9. Be3 O-O 10. O-O Bd7 11. Rb1 cxd4 12. cxd4 Rc8 13. Bb5 Na5 14. Qd3 a6 15. Bxd7 Qxd7 16. Rb4 e6 17. Rfb1 Rfd8 18. Bg5 f6 19. Bh4 g5 20. Bg3 b5 21. a4 Nc6 22. axb5 Nxb4 23. Rxb4 axb5 24. Rxb5 Qc6 25. h4 h6 26. Kh2 Qc4 27. Qxc4 Rxc4 28. hxg5 hxg5 29. Rb2 Rdc8 30. Rb6 Rc2 31. Ng1 Kf7 32. Rb7+ Kg6 33.
Nh3 Rh8 34. f3 Rd8 35. Rb6 Rxd4 36. Rxe6 Rdd2 37. Bf2 Rxf2 38. Nxf2 Rxf2 39. Kg3 Re2 40. Ra6 Bf8 41. Rc6 Bb4 42. Kh2 Bd2 43. Rc8 Bf4+ 44. Kh3 Re1 45. g3 Be5 46. Ra8 Rg1 47. f4 Bd4 48. fxg5 Kxg5 49. Rg8+ Kh5 50. Rh8+ Kg6 51. Kg4 Be5 52. Rh3 Ra1 53. Kf3 Ra3+ 54. Kf2 Kg5 55.
Kg2 Re3 56. Kf2 Rxe4 57. Rh8 Ra4 58. Rg8+ Kf5 59. Kf3 Ra3+ 0-1

[Event "BM10, BM12, BM14, BM16 ir BM18 èempionat"]
[Site "Vilnius"]
[Date "2021.06.06"]
[Round "8.4"]
[White "Ravlusevic, Evelina"]
[Black "Maciulaityte, Barbora"]
[Result "0-1"]
[WhiteElo "1749"]
[BlackElo "1640"]
[PlyCount "74"]
[EventDate "2021.??.??"]
[TimeControl "90+30"]
[WhiteClock "0:01:26"]
[BlackClock "0:07:09"]

1. d4 d5 2. c4 e6 3. Nf3 a6 4. g3 dxc4 5. Bg2 b5 6. Ne5 c6 7. Nxc6 Qb6 8.
Nxb8 Rxb8 9. O-O Bb7 10. Bxb7 Qxb7 11. b3 cxb3 12. axb3 Nf6 13.
Qd2 Rc8 14. Qa5 Rc6 15. Nd2 Bd6 16. e4 O-O 17. Bb2 Rc2 18. Bc1 Ra8 19. Re1 Bc7 20. Qa3 Bb6 21. b4 Bxd4 22. Qd3 Rxd2 23. Bxd2 Bxa1 24. Rxa1 Nxe4 25. Be3 h6 26. Bf4 Nf6 27. Qd4 Rc8 28. Bxh6 Qd5 29. Qb2 Qf3 30. Be3 Ng4 31. Bc5 Rd8 32. Bd4 Rd6 33. h3 Nf6 34. Rc1 Ne4 35.
Kh2 e5 36. Be3 Rd2 37. Rc2 Qxe3 0-1

[Event "BM10, BM12, BM14, BM16 ir BM18 èempionat"]
[Site "Vilnius"]
[Date "2021.06.06"]
[Round "8.5"]
[White "Perminaite, Simona"]
[Black "Staskeviciute, Darija"]
[Result "1-0"]
[WhiteElo "1384"]
[BlackElo "1564"]
[PlyCount "61"]
[EventDate "2021.??.??"]
[TimeControl "90+30"]
[WhiteClock "0:18:42"]
[BlackClock "0:09:38"]

1. e4 c5 2. d3 Nc6 3. g3 g6 4. Bg2 Bg7 5. f4 e6 6. Nf3 Nge7 7. c3 O-O 8. O-O Rb8 9. Be3 d6 10. Na3 b5 11. Nc2 b4 12. d4 d5 13. e5 c4 14. g4 Qc7 15. Qe1 Bd7 16. h4 a5 17. Bh3 Rb7 18. Rf2 Rfb8 19. Rg2 h6 20. h5 Kh7 21. Qh4 Rf8 22.
g5 Nf5 23. Bxf5 exf5 24. Rh2 Qd8 25. Qh3 Rh8 26. gxh6 gxh5 27. hxg7 Kxg7 28. Qg3+ Kf8 29. Rg2 Qc8 30. Qg7+ Ke7 31. Qf6+ 1-0

[Event "BM10, BM12, BM14, BM16 ir BM18 èempionat"]
[Site "Vilnius"]
[Date "2021.06.06"]
[Round "8.6"]
[White "Povilaitis, Tomas"]
[Black "Greicius, Pijus"]
[Result "1/2-1/2"]
[WhiteElo "1903"]
[BlackElo "2004"]
[PlyCount "96"]
[EventDate "2021.??.??"]
[TimeControl "90+30"]
[WhiteClock "0:02:49"]
[BlackClock "0:21:29"]

1. d4 Nf6 2. Bg5 d5 3. Nd2 Bf5 4. e3 e6 5. Bd3 Bg6 6. Bxg6 hxg6 7. c3 c6 8. f4 Qb6 9. Bxf6 gxf6 10. Qc2 Nd7 11. O-O-O O-O-O 12. Ngf3 Kb8 13. e4 c5 14. Kb1 cxd4 15. cxd4 Bb4 16. e5 Rc8 17. Qa4 Rc7 18.
Rc1 Rhc8 19. Rxc7 Rxc7 20. Rc1 Rxc1+ 21. Kxc1 Bxd2+ 22. Nxd2 Qc7+ 23. Qc2 fxe5 24. Qxc7+ Kxc7 25. fxe5 f6 26.
Nf3 fxe5 27. dxe5 Kd8 28. Kd2 Ke7 29. Ke3 Nb8 30. h4 Nc6 31.
g4 Nd8 32. Kf4 Kf7 33. b4 a6 34. a4 b6 35. Nd4 Kg7 36. b5 axb5 37. axb5 Kf7 38. Kg5 Kg7 39. Nc6 Nb7 40. h5 gxh5 41. gxh5 Nc5 42. h6+ Kh7 43. Nd4 Ne4+ 44. Kh5 Nc5 45. Nf3 Ne4 46. Nd4 Nc5 47. Kg5 Ne4+ 48.
Kh5 Nc5 1/2-1/2

[Event "BM10, BM12, BM14, BM16 ir BM18 èempionat"]
[Site "Vilnius"]
[Date "2021.06.06"]
[Round "8.7"]
[White "Leclere, Daniel"]
[Black "Scekaciov, Rostislav"]
[Result "1/2-1/2"]
[WhiteElo "1800"]
[BlackElo "1515"]
[PlyCount "120"]
[EventDate "2021.??.??"]
[TimeControl "90+30"]
[WhiteClock "0:32:05"]
[BlackClock "0:06:24"]

1. d4 Nf6 2. c4 e6 3. g3 d5 4. Nf3 c6 5. Qc2 Be7 6. Bg2 O-O 7. Nbd2 Nbd7 8.
O-O a6 9. b3 h6 10. e4 dxe4 11. Nxe4 Nxe4 12. Qxe4 Nf6 13. Qe2 Bd7 14. Bb2 Rc8 15. Rfd1 Qb6 16. Ne5 Rfd8 17. Nxd7 Rxd7 18. d5 cxd5 19. cxd5 Rcd8 20. dxe6 Qxe6 21. Qxe6 Rxd1+ 22. Qe1 Rxe1+ 23.
Rxe1 Bc5 24. Bc3 Ng4 25. Rf1 Rd3 26. Be1 b6 27. Bb7 a5 28. Kg2 Ne5 29. Ba6 Rd1 30. Bc3 Rxf1 31. Kxf1 Nc6 32. a4 Kf8 33. f4 Nd4 34. Bc4 f6 35. Kg2 Ke7 36. g4 g5 37. fxg5 hxg5 38. Be1 Nc2 39. Bd2 Ne3+ 40. Kf3 Nxc4 41. bxc4 Kd6 42. Bc3 Ke6 43. Ke4 Bd6 44. Bd4 Bc7 45.
h3 Bd8 46. c5 bxc5 47. Bxc5 Bc7 48. Bf2 Bd8 49. Ba7 Bc7 50. Bf2 Bd8 51. h4 gxh4 52. Bxh4 Bb6 53. Bg3 Bd8 54. Be1 Bb6 55. Bd2 Bc7 56. Kd4 Bd8 57. Kc4 f5 58. gxf5+ Kxf5 59. Kb5 Ke6 60. Kc6 Ke5 1/2-1/2

[Event "BM10, BM12, BM14, BM16 ir BM18 èempionat"]
[Site "Vilnius"]
[Date "2021.06.06"]
[Round "8.8"]
[White "Norkeliunas, Matas"]
[Black "Posaskov, Nikita"]
[Result "1/2-1/2"]
[WhiteElo "1533"]
[BlackElo "1798"]
[PlyCount "69"]
[EventDate "2021.??.??"]
[TimeControl "90+30"]
[WhiteClock "0:13:53"]
[BlackClock "0:26:04"]

1. Nf3 Nf6 2. d4 g6 3. c4 Bg7 4. Nc3 O-O 5. e4 d6 6. Be2 e5 7. dxe5 dxe5 8.
Qxd8 Rxd8 9. Bg5 Re8 10. O-O c6 11. Rad1 Na6 12. Nxe5 Nxe4 13. Nxe4 Bxe5 14. Nf6+ Bxf6 15. Bxf6 Bf5 16. Rfe1 Nb4 17. Bf1 Re6 18. Rxe6 Bxe6 19. a3 Na6 20. b4 Nc7 21. Be2 Ne8 22. Rd8 Rxd8 23. Bxd8 Nd6 24. c5 Nf5 25. Bf6 Kf8 26. a4 Bb3 27. a5 a6 28. Bg4 Be6 29. Bxf5 Bxf5 30. f4 Ke8 31. Kf2 Kd7 32. Ke3 Ke6 33. Bc3 Kd5 34. g3 Kc4 35.
Be1 1/2-1/2

[Event "BM10, BM12, BM14, BM16 ir BM18 èempionat"]
[Site "Vilnius"]
[Date "2021.06.06"]
[Round "8.10"]
[White "Andrasunaite, Rusne"]
[Black "Morkunaite, Adrijana"]
[Result "1-0"]
[WhiteElo "1310"]
[BlackElo "1209"]
[PlyCount "71"]
[EventDate "2021.??.??"]
[TimeControl "90+30"]
[WhiteClock "0:40:58"]
[BlackClock "0:38:21"]

1. e4 e5 2. Nf3 Nc6 3. d4 exd4 4. Nxd4 g6 5. Be3 Bg7 6. c3 Nf6 7. Nd2 d6 8.
Bc4 O-O 9. O-O Re8 10. Qc2 Qe7 11. Bg5 h6 12. Bh4 g5 13. Bg3 Nh5 14. Nf5 Bxf5 15. exf5 Kh8 16. Qd1 Nf6 17. h4 gxh4 18. Bxh4 Qd7 19. Bxf6 Bxf6 20. Qh5 Kg7 21. Nf3 Rh8 22. Rfe1 Na5 23. Be6 Qe7 24. Bd5 Qd7 25. Re6 c6 26. Qg4+ Kf8 27. Rxf6 cxd5 28. Nh4 Rg8 29. Qh5 Ke8 30. Qxh6 Nc4 31. Re1+ Kd8 32. b3 Kc8 33. bxc4 b6 34. Rxd6 Qa4 35. Re7 Qd1+ 36. Kh2 1-0

[Event "BM10, BM12, BM14, BM16 ir BM18 èempionat"]
[Site "Vilnius"]
[Date "2021.06.06"]
[Round "8.11"]
[White "Dudnikas, Motiejus"]
[Black "Pidluznij, Gleb"]
[Result "0-1"]
[WhiteElo "1323"]
[BlackElo "2016"]
[PlyCount "66"]
[EventDate "2021.??.??"]
[TimeControl "90+30"]
[WhiteClock "0:01:42"]
[BlackClock "0:08:02"]

1. d4 d6 2. Nc3 e5 3. e3 Nd7 4. Bd3 g6 5. Nf3 Bg7 6. Bc4 h6 7. h3 Ne7 8. Qe2 O-O 9. Bd2 Kh7 10. h4 c6 11. dxe5 Nxe5 12. Nxe5 Bxe5 13. h5 g5 14. f4 gxf4 15.
exf4 Bg7 16. g4 f5 17. g5 d5 18. Bd3 d4 19. Nd1 Nd5 20. Qg2 Qe7+ 21. Kf2 Qd6 22. Kf3 c5 23. Rg1 Bd7 24. Qh3 Bc6 25. Bxf5+ Kh8 26. Kg3 Be5 27. Rf1 Bxf4+ 28. Bxf4 Nxf4 29. Qg4 Ne6+ 30. Kh3 Nxg5+ 31. Kh4 Qh2+ 32. Qh3 Nxh3 33. Bxh3 Rxf1 0-1

[Event "BM10, BM12, BM14, BM16 ir BM18 èempionat"]
[Site "Vilnius"]
[Date "2021.06.06"]
[Round "8.12"]
[White "Rudzkis, Vilius"]
[Black "Milius, Ignas"]
[Result "1/2-1/2"]
[WhiteElo "1811"]
[BlackElo "1331"]
[PlyCount "40"]
[EventDate "2021.??.??"]
[TimeControl "90+30"]
[WhiteClock "0:48:05"]
[BlackClock "0:35:57"]

1. d4 Nf6 2. c4 e6 3. Nc3 Bb4 4. e3 O-O 5. Nf3 b6 6. Bd2 d5 7. Be2 c5 8. a3 Bxc3 9. Bxc3 Bb7 10. O-O Ne4 11. Rc1 Nd7 12. b3 Nxc3 13. Rxc3 Rc8 14. Qc2 Nf6 15. Qb2 dxc4 16. Rxc4 cxd4 17. Rxd4 Qe7 18. Ne5 Rfd8 19. Rfd1 Rxd4 20. Rxd4 Rd8 1/2-1/2

[Event "BM10, BM12, BM14, BM16 ir BM18 èempionat"]
[Site "Vilnius"]
[Date "2021.06.06"]
[Round "8.13"]
[White "Uckuronis, Aleksandras"]
[Black "Gavenavicius, Karolis"]
[Result "0-1"]
[WhiteElo "1295"]
[BlackElo "1168"]
[PlyCount "86"]
[EventDate "2021.??.??"]
[TimeControl "90+30"]
[WhiteClock "0:26:00"]
[BlackClock "0:09:34"]

1. Nf3 d5 2. d4 Nf6 3. Bf4 c5 4. e3 Qb6 5. b3 Nc6 6. dxc5 Qxc5 7. Be2 Bf5 8. Bd3 Bxd3 9. cxd3 e6 10. O-O Be7 11. d4 Qb6 12. Nbd2 O-O 13.
Ne5 Nxe5 14. dxe5 Nd7 15. Qg4 Rfc8 16. Nf3 Rc3 17. Bg5 Bxg5 18. Qxg5 Rac8 19. Rfd1 Qc7 20. h3 h6 21. Qf4 a6 22. Qd4 Nb6 23.
Nd2 Qc5 24. f4 Rxe3 25. Qxc5 Rxc5 26. Nf3 Rec3 27. Nd4 Rc8 28.
Kf2 g6 29. Ke2 Kf8 30. Rh1 Ke7 31. g4 Nd7 32. h4 Rg3 33. Rag1 Rxg1 34. Rxg1 f6 35. exf6+ Kxf6 36. g5+ hxg5 37. hxg5+ Ke7 38. Rh1 Rf8 39. Ke3 e5 40. fxe5 Nxe5 41. Ne2 Rf3+ 42. Kd4 Kd6 43. Rc1 Rd3# 0-1

[Event "BM10, BM12, BM14, BM16 ir BM18 èempionat"]
[Site "Vilnius"]
[Date "2021.06.06"]
[Round "8.14"]
[White "Paknyte, Beatrice"]
[Black "Ratkeviciute, Laurinta"]
[Result "0-1"]
[WhiteElo "1201"]
[BlackElo "1187"]
[PlyCount "108"]
[EventDate "2021.??.??"]
[TimeControl "90+30"]
[WhiteClock "0:07:10"]
[BlackClock "0:54:56"]

1. e4 e5 2. Nf3 Nc6 3. Bc4 Bc5 4. c3 Nf6 5. d4 exd4 6. cxd4 Bb4+ 7. Nc3 Nxe4 8. O-O Bxc3 9. d5 Bf6 10. dxc6 bxc6 11. Re1 d5 12. Bd3 O-O 13.
Bxe4 dxe4 14. Qxd8 Rxd8 15. Rxe4 Rd1+ 16. Re1 Rxe1+ 17. Nxe1 Rb8 18. a3 Rb6 19. Nd3 Bf5 20. Nb4 Bd4 21. Bf4 Bxb2 22. Rd1 h6 23.
Bxc7 Rb7 24. Bf4 c5 25. Na6 Bxa3 26. h3 Rb1 27. Rxb1 Bxb1 28. Bd2 Bd3 29. Nc7 Bb4 30. Bc1 c4 31. Nd5 Bc5 32. Nf4 g5 33. Nxd3 cxd3 34. Bd2 Kf8 35. Kf1 Ke7 36. Ke1 Kd6 37. f4 f6 38. fxg5 fxg5 39. h4 gxh4 40.
Bxh6 Bb4+ 41. Kd1 a5 42. Kc1 Kd5 43. Bg5 Be1 44. Kd1 d2 45. Bd8 a4 46. Bxh4 Bxh4 47. Kxd2 Kd4 48. Kc2 Kc4 49. Kb2 Kb4 50. Ka2 a3 51. g4 Bf6 52. g5 Bxg5 53. Kb1 Kb3 54. Ka1 Bf6+ 0-1

[Event "BM10, BM12, BM14, BM16 ir BM18 èempionat"]
[Site "Vilnius"]
[Date "2021.06.06"]
[Round "8.16"]
[White "Bazilius, Augustinas"]
[Black "Morkunas, Gustas"]
[Result "1/2-1/2"]
[WhiteElo "1683"]
[BlackElo "1704"]
[PlyCount "162"]
[EventDate "2021.??.??"]
[TimeControl "90+30"]
[WhiteClock "0:04:55"]
[BlackClock "0:04:52"]

1. d4 d5 2. c4 e6 3. Nf3 a6 4. cxd5 exd5 5. g3 Nf6 6. Bg2 c6 7. O-O Bd6 8. Nc3 O-O 9. Qc2 Re8 10. Nd2 Bg4 11. f3 Bh5 12. e4 dxe4 13.
Ndxe4 Bg6 14. Qb3 Nxe4 15. Nxe4 Qc7 16. Rd1 Nd7 17. Nxd6 Qxd6 18. Bf4 Qd5 19. Qxb7 Nf8 20. Qb3 Qd7 21. Rac1 Ne6 22. Be3 Nc7 23. Bf2 Rab8 24. Qc3 Re6 25. b3 Nd5 26. Qd2 Rbe8 27. Re1 Qb7 28.
Rxe6 Rxe6 29. Re1 Qb4 30. Rxe6 fxe6 31. Qxb4 Nxb4 32. Be1 Nxa2 33. Bd2 a5 34. f4 Nb4 35. Bxb4 axb4 36. Bxc6 Bc2 37. Ba4 Kf7 38. Kf2 Ke7 39. Ke3 Kd6 40. Kd2 Bf5 41. Bb5 Kd5 42. Ke3 h6 43.
Bc4+ Kd6 44. Kf3 Bc2 45. h3 Bd1+ 46. Ke4 Bc2+ 47. Ke3 Bd1 48. g4 Bc2 49. Kf3 Bd1+ 50. Kf2 Bc2 51. g5 Bd1 52. h4 Bc2 53. Ke2 Be4 54. Kd2 Bf3 55.
Be2 Be4 56. Bd1 Kd5 57. Ke3 Bg2 58. Bc2 Bf1 59. f5 exf5 60. Bxf5 hxg5 61. hxg5 Bg2 62. Bd3 Bh3 63. Bc4+ Kd6 64. Kf4 Bd7 65. Bg8 Bc8 66. Bh7 Be6 67. Bc2 Bg8 68. Bd1 Kd5 69. Ke3 Kd6 70. Kd3 Bd5 71. Bc2 Bf7 72. Ke3 Bd5 73. Bd1 Bf7 74. Kd3 Bd5 75. Bc2 Bf7 76. Kd2 Bd5 77.
g6 Be6 78. Ke3 Bd5 79. Kf4 Be6 80. Bd1 Bd5 81. Kf5 Be6+ 1/2-1/2

[Event "BM10, BM12, BM14, BM16 ir BM18 èempionat"]
[Site "Vilnius"]
[Date "2021.06.06"]
[Round "8.21"]
[White "Norkeliunas, Sarunas"]
[Black "Kavalnis, Rytis"]
[Result "1-0"]
[WhiteElo "1168"]
[BlackElo "1347"]
[PlyCount "129"]
[EventDate "2021.??.??"]
[TimeControl "90+30"]
[WhiteClock "1:04:38"]
[BlackClock "0:46:18"]

1. e4 e5 2. Nf3 Nc6 3. Bb5 a6 4. Bxc6 dxc6 5. d4 exd4 6. Qxd4 Qxd4 7. Nxd4 Bc5 8. Nb3 Bb6 9. Nc3 Be6 10. Na4 Bxb3 11. Nxb6 cxb6 12. axb3 Nf6 13. f3 O-O 14. Bg5 Rfe8 15. Bxf6 gxf6 16. Kf2 Rad8 17. Rad1 Kg7 18. Rxd8 Rxd8 19. Ke2 Kg6 20. Rd1 Rxd1 21. Kxd1 f5 22. exf5+ Kxf5 23. Ke2 Ke5 24. Ke3 f5 25. f4+ Kd5 26. h3 h5 27. Kf3 Ke6 28.
Kg3 Kf6 29. Kh4 Kg6 30. g4 hxg4 31. hxg4 fxg4 32. Kxg4 b5 33. b4 b6 34. f5+ Kf6 35. Kf4 a5 36. c3 axb4 37. cxb4 c5 38. Ke4 cxb4 39. b3 Ke7 40. Kd5 Kf6 41. Kc6 Kxf5 42. Kxb6 Ke6 43. Kxb5 Kd7 44. Kxb4 Kc6 45. Ka5 Kb7 46. Kb5 Ka7 47. Kc6 Kb8 48. b4 Kc8 49. Kb6 Kb8 50. b5 Kc8 51. Ka7 Kd7 52.
b6 Kd6 53. b7 Kd5 54. b8=Q Ke4 55. Qd6 Kf5 56. Qe7 Kf4 57. Kb6 Kf5 58. Kc5 Kf4 59. Kd4 Kf5 60. Qe5+ Kg4 61. Qf6 Kg3 62. Ke4 Kg2 63. Kf4 Kh3 64. Qb2 Kh4 65. Qh2# 1-0

[Event "BM10, BM12, BM14, BM16 ir BM18 èempionat"]
[Site "Vilnius"]
[Date "2021.06.06"]
[Round "8.22"]
[White "Kraucenka, Justas"]
[Black "Dijokas, Jokubas"]
[Result "0-1"]
[WhiteElo "1101"]
[BlackElo "1209"]
[PlyCount "70"]
[EventDate "2021.??.??"]
[TimeControl "90+30"]
[WhiteClock "0:37:59"]
[BlackClock "1:14:17"]

1. e4 c6 2. d4 d5 3. exd5 cxd5 4. Nf3 Nc6 5. c3 Qc7 6. Bd3 Bg4 7. h3 Bh5 8.
Bg5 e6 9. Nbd2 Bd6 10. Rc1 Bf4 11. Bxf4 Qxf4 12. Qb3 Rb8 13. Bb5 Nge7 14. Ne5 O-O 15. Nd7 Rbc8 16. Bxc6 Nxc6 17. Rc2 Rfd8 18. Nc5 b6 19. Nd3 Qf5 20. c4 Nxd4 21. g4 Qf6 22. Qc3 Nxc2+ 23. Qxc2 Bg6 24. f3 dxc4 25. Ne4 Qxf3 26. Ndf2 Bxe4 27. Qxe4 Rd1+ 28. Nxd1 Qxe4+ 29. Kd2 Rd8+ 30. Kc1 Qxh1 31. Kc2 Qxd1+ 32. Kc3 Qc1+ 33. Kb4 Qxb2+ 34. Ka4 Rd5 35. g5 Ra5# 0-1

[Event "BM10, BM12, BM14, BM16 ir BM18 èempionat"]
[Site "Vilnius"]
[Date "2021.06.06"]
[Round "8.23"]
[White "Pidluznij, Matvej"]
[Black "Mikalajunas, Gytis"]
[Result "1-0"]
[WhiteElo "1501"]
[BlackElo "1042"]
[PlyCount "103"]
[EventDate "2021.??.??"]
[TimeControl "90+30"]
[WhiteClock "0:52:31"]
[BlackClock "1:17:24"]

1. e4 e5 2. Nf3 Nc6 3. Bc4 Bc5 4. d3 Nf6 5. Nc3 d6 6. Bg5 h6 7. Be3 Nd4 8.
Bxd4 Bxd4 9. Nxd4 exd4 10. Ne2 c5 11. Nf4 Qa5+ 12. Qd2 Qxd2+ 13. Kxd2 b6 14. Bb5+ Ke7 15. Rae1 Ng4 16. Nd5+ Kd8 17. f3 Ne5 18.
f4 Ng6 19. h3 Bb7 20. Bc4 Rc8 21. g3 Ne7 22. Nxe7 Kxe7 23. Re2 f6 24. Rhe1 a6 25. a3 Rhe8 26. e5 d5 27. exf6+ Kf7 28. Re7+ Rxe7 29. Rxe7+ Kxf6 30. Rxb7 dxc4 31. Rxb6+ Kf5 32. Rxa6 cxd3 33.
cxd3 c4 34. Ra5+ Kf6 35. Ra4 cxd3 36. Rxd4 Rc2+ 37. Kxd3 Rxb2 38.
Ke3 g5 39. fxg5+ Kxg5 40. h4+ Kh5 41. Rb4 Rg2 42. Kf3 Ra2 43.
Ra4 Kg6 44. Ra8 h5 45. a4 Kf5 46. a5 Ra4 47. a6 Kg6 48. a7 Kg7 49. Ke3 Kh7 50. Kd3 Kg7 51. Kc3 Kh7 52. Kb3 1-0